Map: Orbital Shipyard

Players

MCanning

  • Race: Protoss Protoss
  • League: Grandmaster

KappaKing - Winner!

  • Race: Terran Terran
  • League: Master

VOD

Have the link to the VOD?

Description

Time

  • Played on: Feb. 23, 2016, 2:01 a.m.
  • Length: 17:55
Show
View Real Time Build Order
Export as new Build Order

MCanning Protoss 

Build Orders: 1 Gate Expand, Blink Stalkers 

Get SALT Encoding   

  12  0:00  Probe (Chrono Boost)  
  13  0:11  Probe (Chrono Boost)  
  14  0:17  Pylon  
  14  0:22  Probe (Chrono Boost)  
  16  0:35  Probe (Chrono Boost)  
  16  0:39  Gateway  
  16  0:46  Probe (Chrono Boost)  
  17  0:53  Assimilator  
  17  0:57  Probe (Chrono Boost)  
  18  1:07  Probe (Chrono Boost)  
  19  1:20  Nexus  
  19  1:29  Cybernetics Core  
  19  1:33  Probe (Chrono Boost)  
  20  1:43  Assimilator  
  20  1:44  Probe (Chrono Boost)  
  21  1:54  Probe (Chrono Boost)  
  21  1:55  Pylon  
  22  2:13  Adept (Chrono Boost)  
  22  2:14  Mothership Core (Chrono Boost)  
  26  2:21  Warp Gate  
  26  2:25  Pylon  
  26  2:32  Probe x2 (Chrono Boost)  
  27  2:43  Probe x2 (Chrono Boost)  
  29  2:50  Twilight Council  
  29  2:54  Probe x2 (Chrono Boost)  
  31  2:59  Sentry  
  31  3:05  Probe x2 (Chrono Boost)  
  35  3:12  Gateway  
  35  3:15  Probe (Chrono Boost)  
  35  3:17  Gateway  
  36  3:21  Probe (Chrono Boost)  
  36  3:25  Blink (Chrono Boost)  
  36  3:26  Probe (Chrono Boost)  
  38  3:30  Probe (Chrono Boost)  
  39  3:39  Probe  
  39  3:40  Probe  
  40  3:46  Robotics Facility  
  41  3:51  Probe  
  41  3:53  Probe  
  41  3:54  Pylon  
  43  3:59  Assimilator  
  43  4:03  Probe  
  43  4:04  Assimilator  
  43  4:05  Probe  
  45  4:15  Probe (Chrono Boost)  
  46  4:17  Probe (Chrono Boost)  
  47  4:24  Stalker  
  47  4:25  Stalker  
  47  4:26  Stalker, Probe (Chrono Boost)  
  47  4:27  Probe (Chrono Boost)  
  47  4:28  Pylon  
  55  4:36  Observer (Chrono Boost)  
  55  4:38  Probe  
  57  4:39  Probe  
  58  4:50  Probe  
  58  4:51  Nexus  
  59  4:53  Pylon  
  59  4:59  Probe  
  60  5:01  Observer (Chrono Boost)  
  60  5:04  Probe  
  60  5:06  Gateway  
  62  5:07  Gateway  
  62  5:11  Gateway, Probe  
  63  5:15  Pylon  
  63  5:27  Probe  
  64  5:33  Stalker x2  
  68  5:36  Probe  
  68  5:40  Stalker  
  71  5:44  Observer (Chrono Boost)  
  71  5:49  Robotics Bay  
  72  5:52  Pylon, Resonating Glaives  
  72  5:53  Probe  
  73  5:59  Probe  
  73  6:02  Observer (Chrono Boost)  
  75  6:07  Probe (Chrono Boost)  
  75  6:08  Probe (Chrono Boost)  
  77  6:11  Probe (Chrono Boost)  
  78  6:19  Probe (Chrono Boost), Forge x2  
  78  6:20  Probe (Chrono Boost)  
  78  6:23  Sentry x2, Probe (Chrono Boost)  
  78  6:25  Stalker x2  
  87  6:30  Probe x2 (Chrono Boost)  
  91  6:33  Probe (Chrono Boost)  
  91  6:39  Disruptor (Chrono Boost)  
  95  6:41  Probe  
  95  6:44  Adept x2  
  100  6:48  Pylon  
  100  6:52  Pylon  
  100  6:58  Gateway  
  100  6:59  Gateway, Photon Cannon  
  100  7:02  Pylon, Photon Cannon  
  100  7:09  Pylon  
  100  7:10  Disruptor (Chrono Boost)  
  100  7:12  Stalker  
  100  7:13  Stalker  
  107  7:17  Adept x3  
  107  7:22  Probe  
  114  7:25  Pylon  
  114  7:27  Adept, Assimilator  
  114  7:33  Assimilator  
  114  7:40  Sentry x2  
  114  7:41  Disruptor (Chrono Boost)  
  114  7:42  Adept x2  
  114  7:43  Adept  
  127  7:48  Gateway  
  127  7:50  Gateway  
  126  7:55  Stalker  
  126  7:57  Probe  
  129  8:00  Photon Cannon  
  129  8:01  Photon Cannon  
  129  8:03  Stalker x2  
  133  8:09  Stalker x2  
  137  8:14  Pylon  
  137  8:18  Warp Prism (Chrono Boost)  
  139  8:25  Pylon  
  139  8:26  Stalker x2  
  143  8:30  Protoss Ground Weapons Level 1  
  143  8:31  Protoss Ground Armor Level 1  
  143  8:34  Probe  
  144  8:44  Stalker x4  
  126  9:02  Adept  
  126  9:03  Adept x4  
  126  9:04  Adept  
  134  9:12  Stalker  
  134  9:13  Stalker  
  136  9:20  Dark Shrine  
  129  9:44  Disruptor (Chrono Boost)  
  89  10:04  Adept x4  
  91  10:17  Nexus  
  86  11:11  Disruptor (Chrono Boost)  
  89  11:25  Nexus  
  81  11:34  Adept x3  
  87  11:43  Probe  
  68  11:55  Probe (Chrono Boost)  
  69  12:06  Probe (Chrono Boost)  
  70  12:12  Probe (Chrono Boost)  
  71  12:17  Mothership Core (Chrono Boost)  
  71  12:21  Disruptor (Chrono Boost)  
  76  12:39  Dark Templar x2  
  80  12:51  Dark Templar  
  67  13:34  Warp Prism (Chrono Boost)  
  67  13:35  Gravitic Drive (Chrono Boost)  
  65  13:49  Probe  
  65  13:51  Probe  
  65  13:54  Pylon  
  67  14:01  Dark Templar  
  68  14:32  Nexus  
  68  14:39  Dark Templar  
  68  14:43  Disruptor (Chrono Boost)  
  73  15:02  Pylon  
  73  15:12  Probe  
  74  15:16  Probe  
  71  15:24  Disruptor (Chrono Boost)  
  74  15:37  Assimilator  
  74  15:41  Stalker  
  74  15:42  Stalker  
  78  15:45  Pylon  
  78  15:55  Disruptor (Chrono Boost)  
  78  15:58  Probe  
  78  16:00  Probe  
  80  16:11  Adept  
  80  16:12  Probe  
  83  16:31  Dark Templar x2  
  85  16:38  Stalker  
  83  16:48  Stalker x2  
  83  17:09  Stalker x3  
  83  17:10  Pylon  
  87  17:19  Disruptor (Chrono Boost)  
  64  17:28  Adept x2  
Show
View Real Time Build Order
Export as new Build Order

KappaKing Terran - Winner!

Build Orders: MMM Bio 

Get SALT Encoding   

  12  0:01  SCV  
  13  0:13  SCV  
  14  0:19  Supply Depot  
  14  0:25  SCV  
  15  0:40  SCV  
  15  0:42  Barracks  
  16  0:46  Refinery  
  16  0:52  SCV  
  17  1:05  SCV  
  18  1:17  SCV  
  19  1:29  Orbital Command  
  20  1:33  Barracks Reactor  
  19  1:40  Command Center  
  19  1:47  Supply Depot  
  19  1:55  SCV  
  20  2:07  SCV  
  21  2:09  Marine x2  
  21  2:15  Factory  
  23  2:17  Refinery  
  23  2:19  SCV  
  24  2:27  Marine x2  
  26  2:31  SCV  
  27  2:43  SCV  
  28  2:45  Marine x2  
  30  2:52  Orbital Command  
  30  2:56  SCV  
  31  2:59  Widow Mine, Starport  
  33  3:06  Marine x2  
  33  3:08  SCV  
  36  3:16  Supply Depot  
  36  3:18  SCV  
  37  3:20  SCV  
  37  3:24  Marine x2  
  40  3:30  Widow Mine, SCV  
  40  3:33  SCV  
  44  3:37  Medivac  
  46  3:42  SCV  
  46  3:43  Supply Depot  
  46  3:44  Marine x2  
  46  3:46  SCV  
  50  3:55  SCV  
  51  3:56  Engineering Bay  
  51  3:58  SCV  
  52  4:04  Barracks  
  52  4:05  Factory Tech Lab  
  52  4:06  Barracks  
  52  4:07  Starport Tech Lab  
  52  4:11  SCV  
  52  4:15  SCV  
  54  4:19  Marine x2  
  54  4:23  Terran Infantry Weapons Level 1  
  54  4:24  SCV  
  57  4:26  Supply Depot  
  57  4:33  Refinery  
  57  4:34  SCV  
  57  4:35  Factory Reactor  
  57  4:36  SCV, Starport Reactor  
  57  4:37  Marine  
  60  4:41  Supply Depot  
  60  4:42  Marine  
  61  4:46  SCV  
  61  4:48  SCV  
  61  4:49  Missile Turret  
  63  4:53  Missile Turret  
  63  4:54  Marine  
  63  4:58  SCV  
  65  5:00  SCV  
  65  5:02  Marauder  
  65  5:03  Marauder  
  65  5:06  Stimpack  
  70  5:08  Combat Shields  
  70  5:11  SCV  
  71  5:15  SCV  
  72  5:23  SCV  
  72  5:24  Widow Mine x2  
  72  5:26  Medivac x2  
  72  5:27  SCV  
  76  5:36  Supply Depot  
  76  5:37  Supply Depot  
  76  5:43  Command Center, SCV x2  
  76  5:48  Refinery, Marauder  
  80  5:52  Marauder  
  80  5:54  Marine  
  83  5:57  Marine  
  83  5:58  SCV  
  83  5:59  SCV  
  83  6:03  Medivac  
  88  6:10  Supply Depot  
  88  6:11  SCV  
  89  6:12  Marine  
  89  6:15  Marine, Marauder  
  89  6:16  Marauder  
  89  6:17  Terran Infantry Armor Level 1  
  95  6:20  Widow Mine x2  
  95  6:22  SCV  
  100  6:29  SCV  
  101  6:34  Concussive Shells  
  101  6:37  Barracks  
  101  6:38  Barracks, Marauder  
  103  6:41  SCV  
  103  6:42  Marauder  
  103  6:43  Marine  
  103  6:45  Marine  
  108  6:53  Medivac  
  110  6:54  Medivac  
  110  6:55  SCV x2  
  110  6:58  Orbital Command  
  114  7:04  Widow Mine x2  
  118  7:14  Marauder x2  
  122  7:16  Marine x2  
  122  7:17  Orbital Command, SCV  
  122  7:20  SCV  
  124  7:27  Barracks Reactor  
  124  7:28  Barracks Reactor  
  124  7:45  Supply Depot  
  124  7:46  Supply Depot  
  124  7:49  Liberator x2  
  124  7:54  Missile Turret  
  124  8:02  Supply Depot  
  124  8:05  Starport  
  124  8:06  Marauder  
  124  8:08  Supply Depot  
  124  8:09  Engineering Bay, Armory  
  124  8:10  SCV x2  
  124  8:11  Supply Depot  
  124  8:12  Supply Depot, SCV  
  135  8:13  Marine x2  
  135  8:14  Marine x2, Marauder  
  141  8:21  Missile Turret  
  141  8:22  Missile Turret x2  
  141  8:27  Marine x2  
  141  8:28  Missile Turret, Marauder  
  141  8:31  Marine  
  146  8:42  Marauder  
  146  8:43  Factory Reactor  
  148  8:55  Liberator x2  
  144  9:00  Orbital Command  
  126  9:07  Liberator, Marauder  
  112  9:10  Marine x3  
  113  9:17  Marine  
  113  9:18  Marine x3  
  113  9:24  Widow Mine x2  
  120  9:28  Marine x3, Marauder  
  127  9:35  Marine x3  
  127  9:36  Marauder  
  113  9:46  Marine  
  113  9:47  Marine x2  
  113  9:50  Marauder  
  117  9:55  Marine  
  117  9:56  Marine  
  117  9:57  Marauder  
  124  10:00  Widow Mine x2  
  124  10:05  Marine x2  
  116  10:11  Marauder  
  118  10:14  Medivac x2  
  118  10:17  Terran Infantry Weapons Level 2, Supply Depot  
  118  10:18  Marine  
  118  10:19  Marauder  
  122  10:23  Marine x4  
  122  10:24  Marine  
  126  10:33  Orbital Command, Marauder  
  118  10:36  Marine  
  118  10:40  Marauder  
  118  10:41  Marine x2  
  116  10:54  Marauder  
  112  10:59  Marine x2  
  112  11:00  Marine  
  112  11:02  Marauder  
  81  11:13  Marine x3  
  81  11:15  Marauder  
  81  11:18  Marine x2  
  86  11:23  Marauder  
  86  11:24  Liberator  
  86  11:25  Liberator  
  90  11:29  Marine  
  90  11:31  Marine x3  
  89  11:36  Marine x2  
  89  11:38  Marine  
  91  11:44  Marine  
  98  11:47  Marine  
  98  11:49  Marine  
  98  11:51  Marine x2  
  102  11:55  Marine x2, Orbital Command  
  102  11:57  Marauder  
  106  12:02  Marine  
  106  12:05  Marine  
  106  12:06  Marine  
  106  12:07  Widow Mine  
  111  12:11  Widow Mine  
  111  12:15  Marine  
  114  12:19  Marine  
  114  12:30  Marine, Orbital Command, Marauder  
  114  12:36  Marine x2  
  116  12:37  Marauder  
  108  13:03  Marine x4  
  112  13:17  Orbital Command  
  93  13:24  Marine  
  93  13:25  Marine x2  
  94  13:32  Marine x2  
  86  13:47  Marine x3  
  87  14:00  Missile Turret  
  87  14:04  Marauder x2  
  87  14:07  Liberator  
  91  14:11  Medivac  
  93  14:18  Liberator  
  96  14:35  Liberator  
  96  14:37  Marauder  
  101  14:40  Marauder  
  101  14:42  Marine, Liberator  
  104  14:47  Marine  
  104  14:48  Marine  
  112  15:11  Marine x2, Marauder  
  114  15:18  Marine, Marauder  
  114  15:20  Orbital Command  
  114  15:30  Marine  
  114  15:33  Marauder  
  117  15:40  Marauder  
  108  15:54  Marauder  
  110  16:01  Marine x3, Marauder  
  110  16:02  Marine x2  
  117  16:08  Marine  
  118  16:15  Marine  
  119  16:19  Marine x2  
  121  16:34  Marine x2  
  121  16:35  Marine x3  
  122  16:40  Marine x2  
  79  17:33  Marine x3  
Tags
 
Add a new tag
Caveats
  • Supply blocks, unpowered buildings, or Contaminate may cause inaccurate times.
  • Supply counts are checked every 10 seconds.